 Dungeon Crawl Stone Soup version 0.28.0 (webtiles) character file.

Game seed: 1511698174714731640

23006 pkoi the Fencer (level 12, -1/103 HPs)
             Began as a Minotaur Gladiator on Feb 8, 2022.
             Was a High Priest of Okawaru.
             Slain by a black mamba (32 damage)
             ... on level 4 of the Lair of Beasts.
             The game lasted 00:23:27 (16869 turns).

pkoi the Fencer (Minotaur Gladiator)               Turns: 16869, Time: 00:23:27

Health: -1/103     AC: 27    Str: 24    XL:     12   Next: 68%
Magic:  0/17       EV:  2    Int:  5    God:    Okawaru [*****.]
Gold:   536        SH:  0    Dex: 12    Spells: 11/11 levels left

rFire   . . .      SeeInvis .   b - +9 shortbow "Busu" {speed, rPois}
rCold   + . .      Faith    .   (shield currently unavailable)
rNeg    + + .      Spirit   +   E - +1 crystal plate armour "Johou" {rElec rN+}
rPois   +          Reflect  .   I - +2 hat of Defiance {rElec rPois rN+ Stlth+}
rElec   +          Harm     .   (no cloak)
rCorr   .          Rampage  .   m - +0 pair of gloves
Will    +....                   f - +0 pair of boots
Stlth   ..........              k - amulet of guardian spirit
HPRegen 0.27/turn               B - ring of protection from cold
MPRegen 0.15/turn               t - ring of willpower

@: sleeping, heroic, studying Long Blades
A: horns 2, retaliatory headbutt
a: Renounce Religion, Heroism, Finesse, Duel


You were on level 4 of the Lair of Beasts.
You worshipped Okawaru.
Okawaru was extremely pleased with you.
You visited 3 branches of the dungeon, and saw 13 of its levels.
You also visited: Sewer, Ossuary and Ice Cave.

You collected 679 gold pieces.
You spent 143 gold pieces at shops.

Inventory:

Hand Weapons
 a - a +0 great sword
 b - the +9 shortbow "Busu" (weapon) {speed, rPois}
   (You found it on level 8 of the Dungeon)

   Attacks with this weapon are significantly faster.
   rPois:     It protects you from poison.
 o - a +1 shortbow
 z - a +0 long sword
 G - a +2 long sword of holy wrath
Missiles
 d - 3 throwing nets
 x - 188 arrows (quivered ammo)
Armour
 f - a +0 pair of boots (worn)
 m - a +0 pair of gloves (worn)
 E - the +1 crystal plate armour "Johou" (worn) {rElec rN+}
   (Okawaru gifted it to you on level 2 of the Lair of Beasts)

   rElec:     It insulates you from electricity.
   rN:        It protects you from negative energy.
 I - the +2 hat of Defiance (worn) {rElec rPois rN+ Stlth+}
   (Okawaru gifted it to you on level 4 of the Lair of Beasts)

   rElec:     It insulates you from electricity.
   rPois:     It protects you from poison.
   rN:        It protects you from negative energy.
   Stlth:     It makes you more stealthy.
Jewellery
 k - an amulet of guardian spirit (around neck)
 t - a ring of willpower (right hand)
 B - a ring of protection from cold (left hand)
 H - an amulet of regeneration
Wands
 h - a wand of flame (12)
 u - a wand of polymorph (7)
 y - a wand of iceblast (22)
 C - a wand of paralysis (9)
Scrolls
 i - 4 scrolls of teleportation
 n - 4 scrolls of enchant armour
 q - 8 scrolls of identify
 r - a scroll of fear {unknown}
 v - 2 scrolls of amnesia
 w - 2 scrolls of fog {unknown}
 D - 2 scrolls of silence
Potions
 g - a potion of might
 j - 5 potions of curing
 l - 7 potions of haste
 p - a potion of cancellation
 s - 3 potions of heal wounds
 A - 2 potions of brilliance {unknown}
 F - 2 potions of flight


   Skills:
 + Level 8.4(13.4) Fighting
 - Level 17.0(22.0) Long Blades
 + Level 14.6(19.6) Bows
 - Level 2.0(7.0) Throwing
 + Level 6.8(11.8) Armour
 - Level 6.3(11.3) Dodging
 - Level 0.6(5.6) Stealth
 + Level 8.1 Invocations
 - Level 5.0 Evocations


You had 11 spell levels left.
You didn't know any spells.
Your spell library contained the following spells:

 Spells                   Type           Power      Damage    Failure   Level
 Foxfire                  Conj/Fire      0%         2x1d4     100%        1
 Conjure Flame            Conj/Fire      0%         6-21      100%        3
 Gell's Gravitas          Tloc           0%         N/A       100%        3
 Ignite Poison            Fire/Tmut/Pois 0%         N/A       100%        3
 Inner Flame              Hex/Fire       0%         N/A       100%        3
 Lesser Beckoning         Tloc           0%         N/A       100%        3
 Mephitic Cloud           Conj/Pois/Air  0%         N/A       100%        3
 Teleport Other           Tloc           0%         N/A       100%        3
 Flame Wave               Conj/Fire      0%         2d4       100%        4
 Freezing Cloud           Conj/Ice/Air   0%         6-21      100%        5
 Dispersal                Tloc           0%         N/A       100%        6


Dungeon Overview and Level Annotations

Branches:
Dungeon (8/15)             Temple (1/1) D:6            Lair (4/6) D:8
  Swamp (0/4) Lair:2        Snake (0/4) Lair:3        Sewer (visited)
Ossuary (visited)           IceCv (visited)

Altars:
Cheibriados
Dithmenos
Elyvilon
Fedhas
Gozag
Hepliaklqana
Kikubaaqudgha
Makhleb
Nemelex Xobeh
Okawaru
Qazlal
Ru
Sif Muna
Trog
Uskayaw
Wu Jian
Xom
Yredelemnul
Zin
The Shining One

Shops:
D:3 :   D:8 !

Annotations:
D:6 3 runed translucent doors, LustLizard's ghost, novice MiBe
D:8 3 runed translucent doors, PezBoy's ghost, novice GrFi
Lair:1 1 runed translucent door, snackwell's ghost, journeyman TrHu


Innate Abilities, Weirdness & Mutations

You have a pair of horns on your head.
You reflexively headbutt those who attack you in melee.


Message History

* * * LOW HITPOINT WARNING * * *
You feel much better.
The black mamba bites you but does no damage.
Fire: 193 arrows
Press: ? - help, Q - select action, (/) - cycle Shift-Dir - straight line, f/p - black mamba
Aim: a black mamba (67% to hit)
You shoot an arrow. The arrow hits the black mamba!
The black mamba is moderately wounded.
The black mamba bites you!
* * * LOW HITPOINT WARNING * * *
Fire: 192 arrows
Press: ? - help, Q - select action, (/) - cycle Shift-Dir - straight line, f/p - black mamba
Aim: a black mamba (moderately wounded, 67% to hit)
You shoot an arrow. The arrow hits the black mamba!
The black mamba is heavily wounded.
The black mamba bites you.
Fire: 191 arrows
Press: ? - help, Q - select action, (/) - cycle Shift-Dir - straight line, f/p - black mamba
Aim: a black mamba (heavily wounded, 67% to hit)
You shoot an arrow. The arrow hits the black mamba!
The black mamba is almost dead.
The black mamba bites you but does no damage.
Fire: 190 arrows
Press: ? - help, Q - select action, (/) - cycle Shift-Dir - straight line, f/p - black mamba
Aim: a black mamba (almost dead, 67% to hit)
You shoot an arrow. The arrow hits the black mamba.
The black mamba is almost dead.
Unknown command.
Fire: 189 arrows
Press: ? - help, Q - select action, (/) - cycle Shift-Dir - straight line, f/p - black mamba
Aim: a black mamba (almost dead, 67% to hit)
You shoot an arrow.
The arrow barely misses the black mamba.
The arrow closely misses the dream sheep.
The black mamba misses you.
The dream sheep ruffle their wool and motes of dream dust sparkle, to no effect.
The dream sheep shake their wool and sparkle.
You feel drowsy...
You fall asleep.
The black mamba bites you!!
You die...

.......... ##..# ####.....
......... ### #........ ......P#
###........ ......#
###.......... ..l...#
###............ ...Y.Y#
##.#..#......... #....#
#.#..##......... #.l..#
#######..####.........
#.#.Y######(.YS@....#...........
####.....YYY.Y##................
#Pl...l###.###...............
##...#.#.#### #...............
####.......#.###
#...##..........
.#.............#
#...##..........
..............##
##...#P..(...... ..............#
##....####.......
.............##
#.#...P##........


You could see a black mamba, a basilisk and 5 dream sheep.

Vanquished Creatures
  2 hydras
  An ice dragon (Lair:3)
  A boulder beetle (Lair:4)
  Urug (Lair:1)
  A bog body (Lair:2)
  A lindwurm (Lair:4)
  4 black mambas
  7 cane toads
  2 rime drakes
  5 komodo dragons
  16 blink frogs
  A dream sheep (Lair:4)
  26 yaks
  3 wyverns
  A basilisk (Lair:2)
  12 water moccasins
  4 black bears
  4 sky beasts
  An orc warrior (D:8)
  2 hornet zombies (Ossuary)
  An ice beast (D:8)
  4 ogres
  A wolf (Lair:1)
  A centaur (D:7)
  A phantom (D:6)
  2 kobold brigands
  A gnoll sergeant (D:3)
  A wyvern zombie (Ossuary)
  8 bullfrogs
  2 scorpions (D:6)
  3 water moccasin zombies (Ossuary)
  A water moccasin skeleton (D:4)
  4 wights (D:8)
  2 electric eels
  4 howler monkeys
  3 centaur zombies (Ossuary)
  4 bullfrog zombies (Ossuary)
  A gnoll shaman (D:3)
  5 hounds
  3 jellies (D:5)
  A bullfrog skeleton (D:4)
  5 orc priests
  3 iron imps (D:4)
  2 centaur skeletons
  9 orc wizards
  5 killer bee zombies (Ossuary)
  11 mummies (Ossuary)
  3 howler monkey zombies (Ossuary)
  19 gnolls
  Robin (D:3)
  An acid dragon simulacrum (IceCv)
  12 adders
  A river rat (D:4)
  14 white imps
  An ufetubus (D:4)
  5 steam dragon simulacra (IceCv)
  2 worms
  4 dart slugs
  53 orcs
  2 bats
  6 endoplasms
  2 giant cockroaches (D:4)
  12 goblins
  8 hobgoblins
  13 jackals (D:3)
  8 kobolds
  7 quokkas
  4 ball pythons
  7 frilled lizards
  8 rats
376 creatures vanquished.

Vanquished Creatures (others)
  13 fungi
  32 plants
  7 withered plants
52 creatures vanquished.

Grand Total: 428 creatures vanquished

Notes
Turn   | Place    | Note
-------+----------+-------------------------------------------
     0 | D:1      | pkoi the Minotaur Gladiator began the quest for the Orb.
     0 | D:1      | Reached XP level 1. HP: 18/18 MP: 0/0
   190 | D:1      | You fall into a shaft and drop 1 floor!
   331 | D:2      | Reached skill level 4 in Long Blades
   348 | D:2      | Reached XP level 2. HP: 25/25 MP: 1/1
  1283 | D:1      | Reached skill level 1 in Armour
  1421 | D:1      | Reached XP level 3. HP: 25/31 MP: 2/2
  1639 | D:1      | Found a faded altar of an unknown god.
  2198 | D:3      | Reached skill level 5 in Long Blades
  2198 | D:3      | Reached XP level 4. HP: 18/38 MP: 3/3
  2204 | D:3      | Noticed Robin
  2211 | D:3      | Noticed a kobold brigand
  2212 | D:3      | Killed Robin
  2416 | D:4      | Reached XP level 5. HP: 46/46 MP: 4/4
  2637 | D:4      | Found a glowing drain.
  2666 | Sewer    | Entered a sewer
  3071 | Sewer    | Reached skill level 6 in Long Blades
  3422 | D:4      | Reached XP level 6. HP: 18/52 MP: 5/5
  3429 | D:4      | HP: 1/78 [orc priest/divine providence (14)]
  3431 | D:4      | Reached skill level 15 in Long Blades
  3431 | D:4      | Reached XP level 7. HP: 2/59 MP: 6/6
  3791 | D:4      | Noticed a wyvern
  3806 | D:4      | Killed a wyvern
  3807 | D:4      | Reached skill level 16 in Long Blades
  4289 | D:4      | Found an iron altar of Okawaru.
  4639 | D:4      | Found a burning altar of Makhleb.
  4874 | D:4      | Became a worshipper of Warmaster Okawaru
  4882 | D:5      | Entered Level 5 of the Dungeon
  4935 | D:5      | Reached XP level 8. HP: 58/67 MP: 7/7
  5065 | D:5      | Found a sacrificial altar of Ru.
  5135 | D:5      | Reached skill level 5 in Fighting
  5341 | D:5      | Reached * piety under Okawaru
  5516 | D:5      | Found a basalt altar of Yredelemnul.
  6018 | D:6      | Found a staircase to the Ecumenical Temple.
  6231 | D:6      | Found a runed translucent gate.
  6232 | D:6      | Found a runed translucent gate.
  6232 | D:6      | Found an opulent altar of Gozag.
  6233 | D:6      | Found a runed translucent gate.
  6235 | D:6      | Noticed LustLizard's ghost (novice MiBe)
  6237 | D:6      | Noticed a hornet
  6238 | D:6      | Found a sand-covered staircase.
  6255 | Ossuary  | Entered an ossuary
  6311 | Ossuary  | Reached skill level 1 in Invocations
  6320 | Ossuary  | Reached skill level 5 in Dodging
  6320 | Ossuary  | Reached skill level 1 in Evocations
  6325 | Ossuary  | Reached XP level 9. HP: 10/74 MP: 1/8
  6705 | Ossuary  | Reached ** piety under Okawaru
  7166 | D:6      | Identified a scroll of acquirement
  7166 | D:6      | Acquired a manual of Long Blades
  7769 | D:3      | Reached skill level 1 in Bows
  7833 | D:3      | Found a stormy altar of Qazlal.
  7885 | D:3      | Found a shadowy altar of Dithmenos.
  8026 | D:3      | Found Roppaodgh's Book Emporium.
  8960 | Temple   | Entered the Ecumenical Temple
  9708 | D:7      | Reached *** piety under Okawaru
 10026 | D:7      | Reached XP level 10. HP: 69/84 MP: 9/11
 10261 | D:7      | Found an ancient bone altar of Kikubaaqudgha.
 10693 | D:8      | Noticed a cyclops
 10695 | D:8      | Noticed PezBoy's ghost (novice GrFi)
 10723 | D:8      | Found a runed translucent gate.
 10726 | D:8      | Found a runed translucent gate.
 10726 | D:8      | Found a runed translucent gate.
 10849 | D:8      | Found Offur's Distillery.
 10859 | D:8      | Bought a potion of degeneration for 13 gold pieces
 10859 | D:8      | Bought a potion of haste for 130 gold pieces
 10975 | D:8      | Found a glowing golden altar of the Shining One.
 11294 | D:8      | Identified the +9 shortbow "Busu" {speed, rPois}
 11368 | D:8      | Found a bloodstained altar of Trog.
 11368 | D:8      | Found a blossoming altar of Fedhas.
 11417 | D:8      | Found a staircase to the Lair.
 11638 | D:8      | Received a gift from Okawaru
 11693 | Lair:1   | Entered Level 1 of the Lair of Beasts
 11706 | Lair:1   | Reached skill level 5 in Bows
 11710 | Lair:1   | Noticed an eight-headed hydra
 11725 | Lair:1   | Killed an eight-headed hydra
 11963 | Lair:1   | Noticed a cane toad
 11972 | Lair:1   | Killed a cane toad
 12011 | Lair:1   | Reached **** piety under Okawaru
 12026 | Lair:1   | Received a gift from Okawaru
 12138 | Lair:1   | Found a runed translucent door.
 12140 | Lair:1   | Noticed snackwell's ghost (journeyman TrHu)
 12205 | Lair:1   | Found a frozen archway.
 12238 | Lair:1   | Reached skill level 5 in Invocations
 12274 | IceCv    | Entered an ice cave
 12522 | IceCv    | Reached XP level 11. HP: 78/91 MP: 11/13
 12947 | Lair:1   | Reached skill level 10 in Bows
 12955 | Lair:1   | Received a gift from Okawaru
 13222 | Lair:1   | Noticed Urug
 13233 | Lair:1   | Killed Urug
 13863 | Lair:2   | Reached ***** piety under Okawaru
 13947 | Lair:2   | Received a gift from Okawaru
 14270 | Lair:2   | Noticed a bog body
 14276 | Lair:2   | Killed a bog body
 14284 | Lair:2   | Found a staircase to the Swamp.
 14478 | Lair:2   | Identified the +1 crystal plate armour "Johou" {rElec rN+}
                  | (Okawaru gifted it to you on level 2 of the Lair of Beasts)
 14478 | Lair:2   | Received a gift from Okawaru
 14952 | Lair:3   | Reached XP level 12. HP: 91/100 MP: 14/16
 14953 | Lair:3   | Reached skill level 5 in Armour
 15137 | Lair:3   | Found a staircase to the Snake Pit.
 15332 | Lair:3   | Noticed an ice dragon
 15346 | Lair:3   | Killed an ice dragon
 16255 | Lair:4   | Reached skill level 17 in Long Blades
 16338 | Lair:4   | Reached skill level 5 in Evocations
 16361 | Lair:4   | Identified the +2 hat of Defiance {rElec rPois rN+ Stlth+}
                  | (Okawaru gifted it to you on level 4 of the Lair of Beasts)
 16361 | Lair:4   | Received a gift from Okawaru
 16401 | Lair:4   | Noticed an eight-headed hydra
 16410 | Lair:4   | Killed an eight-headed hydra
 16481 | Lair:4   | Noticed a boulder beetle
 16496 | Lair:4   | Killed a boulder beetle
 16869 | Lair:4   | Slain by a black mamba

Illustrated notes

Levels and vault maps discovered:
D:1:      shiori_arrival_oz, layout_rooms,
          shapermc_ecumenical_altar_mp_highgroup, minmay_tetromino_l2
D:2:      layout_basic
D:3:      lemuel_castle_with_subvaults [lemuel_castle_interior_carwin_1],
          layout_rooms, mainiacjoe_overflow_small_starburst,
          nicolae_qazlal_general_emergency, serial_shops, shop,
          grunt_decor_arrowhead, nicolae_elevator_lobby_plus, uniq_robin
D:4:      layout_basic, demons_altar, okawaru_metal_pillars_3,
          gup_sewer_entry_bubbles, minmay_manual_mullet
D:5:      layout_layer_cave, nicolae_ru_path_of_blood,
          mainiacjoe_overflow_surrounded_room, grunt_decor_one_mirror
D:6:      layout_loops_ring, temple_fountains,
          nicolae_ossuary_entry_false_entrances, ebering_ghost_gozag,
          kennysheep_generic_room_11
D:7:      layout_cave_pods, kiku_gazebo_garden_becter, serial_glass,
          glass_columns_a, glass_columns_a
D:8:      layout_loops_cross, amethyst_overflow_temple_binary,
          lemuel_tele_altar, lair_entry_dummy, gammafunk_ghost_split,
          serial_shops, shop
Temple:   nicolae_temple_figure_zero
Lair:1:   layout_regular_city, ebering_ghost_inner_flame,
          portal_ice_cave_entry_imps, nicolae_quartered_pool_medium,
          st_stairs_11, chequers_serial_rivers_micro_d, lemuel_fruit_tree,
          uniq_urug
Lair:2:   layout_roguey, skrybe_swamp_entry_bodies, serial_forest,
          infiniplex_forest_lined_4_way, infiniplex_forest_lined_2,
          infiniplex_forest_corner_1, infiniplex_forest_straight_2,
          infiniplex_forest_clump_double, infiniplex_forest_clump_small,
          serial_bayou_shore_a, serial_bayou_shore_b
Lair:3:   dragon1_lemuel, layout_loops_ring, minmay_snake_entry_six_corridors
Lair:4:   layout_cave_pods

Skill      XL: |  1  2  3  4  5  6  7  8  9 10 11 12 |
---------------+-------------------------------------+-----
Long Blades    | 4 5 6 15 16 17 | 17.0
Armour         | 1 2 3 4 6 |  6.8
Fighting       | 3 4 5 6 7 8 |  8.4
Dodging        | 4 5 6 |  6.3
Invocations    | 1 3 5 7 8 |  8.1
Evocations     | 1 2 3 5 |  5.0
Bows           | 3 9 13 14 | 14.6
Throwing       | |  2.0
Stealth        | |  0.6

Action                   |  1- 3 |  4- 6 |  7- 9 | 10-12 || total
-------------------------+-------+-------+-------+-------++-------
Melee: Long sword        |    69 |   122 |   466 |   115 ||   772
       Headbutt          |    15 |    11 |    72 |    17 ||   115
       Punch             |     1 |       |     6 |     2 ||     9
 Fire: Shortbow          |       |       |       |   550 ||   550
Invok: Heroism           |       |       |     1 |     7 ||     8
Evoke: Wand              |       |       |       |     1 ||     1
  Use: Potion            |       |     5 |     3 |     2 ||    10
       Scroll            |       |       |    11 |     3 ||    14
Armor: Leather armour    |    21 |    36 |   109 |    34 ||   200
       Skin              |       |    20 |    10 |       ||    30
       Crystal plate arm |       |       |       |    29 ||    29
Dodge: Dodged            |    54 |    84 |   231 |    90 ||   459
